 Dungeon Crawl Stone Soup version 0.28.0-53-g5a82cb258f (webtiles) character file.

Game seed: 7528125810273168778

820 Peloso the Covered (level 7, -1/61 HPs)
             Began as a Minotaur Fighter on May 25, 2022.
             Slain by a steam dragon (6 damage)
             ... on level 5 of the Dungeon.
             The game lasted 00:08:15 (4278 turns).

Peloso the Covered (Minotaur Fighter)               Turns: 4278, Time: 00:08:15

Health: -1/61      AC: 10    Str: 21    XL:     7   Next: 63%
Magic:  6/6        EV:  8    Int:  5    God:
Gold:   140        SH:  5    Dex: 17    Spells: 6/6 levels left

rFire   . . .      SeeInvis .   a - +1 long sword (freeze)
rCold   . . .      Faith    .   c - +0 buckler
rNeg    . . .      Spirit   .   h - +0 chain mail
rPois   .          Reflect  .   (helmet restricted)
rElec   .          Harm     .   (no cloak)
rCorr   .          Rampage  .   (no gloves)
Will    .....                   (no boots)
Stlth   ..........              (no amulet)
HPRegen 0.20/turn               l - +6 ring of dexterity
MPRegen 0.10/turn               (no ring)

@: no status effects
A: horns 2, retaliatory headbutt
a: no special abilities


You were on level 5 of the Dungeon.
You visited 1 branch of the dungeon, and saw 5 of its levels.
You also visited: Sewer.

You collected 140 gold pieces.

Inventory:

Hand Weapons
 a - a +1 long sword of freezing (weapon)
 q - the +6 quarterstaff of Xautrani {vorpal, Fly Will+ Int+3 Dex-2}
   (You found it on level 4 of the Dungeon)

   It inflicts extra damage upon your enemies.
   Int:       It affects your intelligence (+3).
   Dex:       It affects your dexterity (-2).
   Fly:       It grants you flight.
   Will:      It increases your willpower.
Armour
 b - a +0 scale mail
 c - a +0 buckler (worn)
 h - a +0 chain mail (worn)
Jewellery
 d - a ring of flight
 e - an amulet of the acrobat
 f - a ring of ice
 i - a ring of wizardry
 l - a +6 ring of dexterity (left hand)
Scrolls
 g - a scroll of enchant weapon
 j - a scroll of brand weapon
 k - a scroll of identify {unknown}
 m - a scroll of fear {unknown}
 n - 2 scrolls of enchant armour {unknown}
 o - a scroll of holy word {unknown}
 t - 3 scrolls of blinking
 u - a scroll of summoning {unknown}
 v - a scroll of vulnerability {unknown}
Potions
 p - a potion of brilliance {unknown}
 r - 2 potions of mutation {unknown}
 s - a potion of might
 w - 2 potions of flight {unknown}
 x - a potion of berserk rage {unknown}
 z - a potion of magic {unknown}


   Skills:
 + Level 5.2 Fighting
 + Level 6.5 Long Blades
 + Level 1.7 Staves
 + Level 6.9 Armour
 + Level 1.5 Dodging
 + Level 0.3 Stealth
 + Level 4.8 Shields


You had 6 spell levels left.
You didn't know any spells.
Your spell library contained the following spells:

 Spells                   Type           Power      Damage    Failure   Level
 Slow                     Hex            0%         N/A       99%         1
 Confusing Touch          Hex            0%         N/A       100%        3
 Conjure Flame            Conj/Fire      0%         6-21      100%        3
 Ignite Poison            Fire/Tmut/Pois 0%         N/A       100%        3
 Vampiric Draining        Necr           0%         2d6       100%        3
 Leda's Liquefaction      Hex/Erth       0%         N/A       100%        4
 Passage of Golubria      Tloc           0%         N/A       100%        4
 Sticky Flame             Conj/Fire      0%         2d3       100%        4
 Lee's Rapid Deconstruct  Erth           0%         3d5*      100%        5
 Silence                  Hex/Air        0%         N/A       100%        5
 Statue Form              Tmut/Erth      0%         N/A       100%        6
 Lehudib's Crystal Spear  Conj/Erth      0%         10d2      100%        8


Dungeon Overview and Level Annotations

Branches:
Dungeon (5/15)              Sewer (visited)
 Temple: D:4-7

Altars:

Shops:
D:5 *


Innate Abilities, Weirdness & Mutations

You have a pair of horns on your head.
You reflexively headbutt those who attack you in melee.


Message History

The steam dragon breathes steam at you. The ball of steam misses you.
You closely miss the steam dragon.
The steam dragon is heavily wounded.
You are engulfed in a cloud of scalding steam.
The steam dragon bites you but does no damage.
You block the steam dragon's attack.
You closely miss the steam dragon.
The steam dragon is heavily wounded.
You are engulfed in a cloud of scalding steam.
You block the steam dragon's attack.
The steam dragon claws you but does no damage.
You closely miss the steam dragon.
The steam dragon is heavily wounded.
The steam dragon closely misses you.
The steam dragon claws you but does no damage.
You hit the steam dragon but do no damage.
The steam dragon is heavily wounded.
The steam dragon breathes steam at you. The ball of steam hits you!!
* * * LOW HITPOINT WARNING * * *
You barely miss the steam dragon.
The steam dragon is heavily wounded.
You are engulfed in a cloud of scalding steam.
* * * LOW HITPOINT WARNING * * *
The steam dragon bites you but does no damage.
The steam dragon closely misses you.
You closely miss the steam dragon.
The steam dragon is moderately wounded.
You are engulfed in a cloud of scalding steam.
* * * LOW HITPOINT WARNING * * *
The steam dragon bites you.
* * * LOW HITPOINT WARNING * * *
The steam dragon claws you but does no damage.
Okay, then.
Unknown command.
You hit the steam dragon. You freeze the steam dragon.
The steam dragon is severely wounded.
The steam dragon bites you.
You die...

#...#...#.##.####.........
#...####.....# ##.........
#####.##.....###..........
#........#.#...........
#.....................
##....................†
#......................
#....§§................
#...D@................
#....#.#....!..........
##.. ###.#..#..##.####. ##
####.####..# #. ### #...
##


You could see a steam dragon (catching breath).

Vanquished Creatures
  An orc warrior (D:3)
  An ogre (D:3)
  A kobold brigand (Sewer)
  2 water moccasin zombies (D:5)
  A water moccasin skeleton (D:4)
  2 hounds
  A centaur skeleton (D:5)
  Terence (D:2)
  An orc wizard (D:3)
  A hound zombie (D:5)
  4 gnolls (D:3)
  8 adders
  4 river rats (Sewer)
  2 ufetubi
  2 worms
  3 dart slugs
  4 orcs
  5 bats
  6 endoplasms
  6 giant cockroaches
  8 goblins
  7 hobgoblins
  15 kobolds
  3 quokkas
  5 ball pythons
  5 frilled lizards
  8 rats
107 creatures vanquished.

Notes
Turn   | Place    | Note
-------+----------+-------------------------------------------
     0 | D:1      | Peloso the Minotaur Fighter began the quest for the Orb.
     0 | D:1      | Reached XP level 1. HP: 19/19 MP: 0/0
   157 | D:1      | Reached XP level 2. HP: 6/27 MP: 1/1
   469 | D:1      | Found a faded altar of an unknown god.
   641 | D:1      | You fall into a shaft and drop 1 floor!
   758 | D:2      | Reached XP level 3. HP: 28/33 MP: 2/2
   820 | D:2      | Noticed Terence
   831 | D:2      | Killed Terence
  1184 | D:2      | Reached XP level 4. HP: 29/40 MP: 3/3
  1932 | D:3      | Reached skill level 1 in Dodging
  2117 | D:3      | Noticed an orc warrior
  2135 | D:3      | Killed an orc warrior
  2136 | D:3      | Reached skill level 5 in Armour
  2136 | D:3      | Reached XP level 5. HP: 18/46 MP: 4/4
  2347 | D:3      | Noticed an ogre
  2352 | D:3      | Killed an ogre
  2353 | D:3      | Reached skill level 5 in Long Blades
  2353 | D:3      | Reached XP level 6. HP: 28/53 MP: 5/5
  3384 | D:4      | Identified the +6 quarterstaff of Xautrani {vorpal, Fly
                  | Will+ Int+3 Dex-2}
  3482 | D:4      | Found a glowing drain.
  3506 | Sewer    | Entered a sewer
  3658 | Sewer    | Reached XP level 7. HP: 60/60 MP: 6/6
  3771 | Sewer    | Reached skill level 5 in Fighting
  4140 | D:5      | Entered Level 5 of the Dungeon
  4151 | D:5      | Reached skill level 1 in Staves
  4175 | D:5      | Found Tuzxyghe's CLEARANCE SALE!.
  4264 | D:5      | Noticed a steam dragon
  4278 | D:5      | Slain by a steam dragon

Illustrated notes

Levels and vault maps discovered:
D:1:      amcnicky_arrival_gap_in_the_tavern_cellar, layout_rooms,
          shapermc_ecumenical_altar_totnotflames, lemuel_another_geyser
D:2:      layout_basic, uniq_terence
D:3:      layout_loops_ring
D:4:      layout_loops_ring, cheibrodos_sewer_entry_bend
D:5:      layout_cave_pools, minmay_temple_entry_statues_pillars,
          nicolae_ossuary_entry_ruins, nicolae_shop_clearance,
          uniq_blork_the_orc, uniq_grinder, uniq_pikel

Skill      XL: |  1  2  3  4  5  6  7 |
---------------+----------------------+-----
Armour         | 4 5 6 |  6.9
Fighting       | 4 5 |  5.2
Shields        | 4 |  4.8
Long Blades    | 3 4 5 6 |  6.5
Dodging        | 1 |  1.5
Staves         | 1 |  1.7
Stealth        | |  0.3

Action                   |  1- 3 |  4- 6 |  7- 9 || total
-------------------------+-------+-------+-------++-------
Melee: Long sword        |    88 |   160 |    52 ||   300
       Headbutt          |    11 |    23 |    11 ||    45
       Quarterstaff      |       |       |     5 ||     5
  Use: Potion            |     2 |     3 |       ||     5
       Scroll            |       |     5 |     1 ||     6
Armor: Scale mail        |    46 |       |       ||    46
       Chain mail        |     4 |    71 |    52 ||   127
Dodge: Dodged            |    48 |    48 |    25 ||   121
Block: Buckler           |    22 |    34 |    23 ||    79
